 Dungeon Crawl Stone Soup version 0.28.0-45-g0d030f2227 (webtiles) character file.

Game seed: 10499314078011230527

851 H0rd4k the Thaumaturge (level 7, 0/37 HPs)
             Began as a Deep Elf Hedge Wizard on Apr 4, 2022.
             Slain by a white imp (3 damage)
             ... on level 7 of the Dungeon.
             The game lasted 00:08:40 (5579 turns).

H0rd4k the Thaumaturge (Deep Elf Hedge Wizard)      Turns: 5579, Time: 00:08:40

Health: 0/37       AC:  3    Str:  4 (7)  XL:     7   Next: 69%
Magic:  4/21       EV: 11    Int: 18 (21) God:
Gold:   196        SH:  0    Dex: 13 (14) Spells: 13/24 levels left

rFire   + + .      SeeInvis .   a - +0 dagger
rCold   . . .      Faith    .   (no shield)
rNeg    . . .      Spirit   .   v - +0 leather armour {rF+}
rPois   .          Reflect  .   c - +0 hat
rElec   .          Harm     .   (no cloak)
rCorr   .          Rampage  .   (no gloves)
Will    +....                   (no boots)
Stlth   +.........              (no amulet)
HPRegen 0.12/turn               i - ring of protection from fire
MPRegen 0.17/turn               s - ring of willpower

@: confused, on blink cooldown
A: no striking features
a: no special abilities


You were on level 7 of the Dungeon.
You visited 1 branch of the dungeon, and saw 6 of its levels.

You collected 196 gold pieces.

Inventory:

Hand Weapons
 a - a +0 dagger (weapon)
Missiles
 j - 2 throwing nets
Armour
 b - a +0 robe
 c - a +0 hat (worn)
 v - a +0 leather armour of fire resistance (worn)
Jewellery
 i - a ring of protection from fire (left hand)
 s - a ring of willpower (right hand)
 y - a ring of protection from cold
Wands
 t - a wand of polymorph (4)
 w - a wand of flame (11)
 x - a wand of acid (4)
Scrolls
 d - a scroll of amnesia {unknown}
 e - 2 scrolls of teleportation
 f - 2 scrolls of identify {unknown}
 g - a scroll of torment {unknown}
 k - 2 scrolls of immolation {unknown}
 l - a scroll of acquirement {unknown}
 p - a scroll of brand weapon {unknown}
 q - 3 scrolls of fog {unknown}
 u - a scroll of vulnerability {unknown}
Potions
 h - a potion of heal wounds
 m - a potion of degeneration
 n - 3 potions of resistance {unknown}
 o - a potion of curing {unknown}
 r - 2 potions of invisibility {unknown}
 z - a potion of haste {unknown}


   Skills:
 + Level 0.6 Fighting
 + Level 3.4 Dodging
 - Level 2.4 Stealth
 + Level 9.1 Spellcasting
 + Level 4.2 Conjurations
 + Level 1.1 Summonings
 + Level 1.7 Translocations
 + Level 1.4 Fire Magic
 + Level 2.5 Air Magic
 + Level 2.1 Poison Magic


You had 13 spell levels left.
You knew the following spells:

 Your Spells              Type           Power      Damage    Failure   Level
a - Magic Dart            Conj           92%        1d7       2%          1
b - Blink                 Tloc           28%        N/A       12%         2
c - Conjure Flame         Conj/Fire      18%        6-21      14%         3
d - Mephitic Cloud        Conj/Pois/Air  18%        N/A       14%         3
e - Poisonous Vapours     Pois/Air       32%        N/A       9%          2

Your spell library contained the following spells:

 Spells                   Type           Power      Damage    Failure   Level
 Sting                    Tmut/Pois      48%        1d5       10%         1
 Corpse Rot               Necr/Air       24%        N/A       14%         2
 Slow                     Hex            32%        N/A       16%         1
 Call Imp                 Summ           12%        N/A       16%         2
 Olgreb's Toxic Radiance  Pois           16%        N/A       54%         4
 Dispersal                Tloc           7%         N/A       100%        6
 Disjunction              Tloc           7%         N/A       100%        8


Dungeon Overview and Level Annotations

Branches:
Dungeon (5/15)
 Temple: D:4-7

Altars:
Hepliaklqana
Okawaru
Sif Muna
Uskayaw
Xom

Annotations:
D:3 1 exclusion
D:5 exclusion: two-headed ogre
D:7 Menkaure


Message History

The spell is quite dangerous to miscast (14% risk of failure)!
Continue anyway?
Aiming: Mephitic Cloud (quite dangerous; 14% risk of failure)
Press: ? - help, Shift-Dir - straight line The ball explodes into a vile cloud!
The stinking cloud engulfs the white imp but does no damage.
The stinking cloud engulfs something but does no damage.
The stinking cloud engulfs the orc wizard but does no damage.
The stinking cloud engulfs the orc but does no damage.
You hear a shout! x4
Something barely misses the orc.
The orc wizard is engulfed in noxious fumes.
The orc wizard appears confused.
The orc wizard hits itself with a +0 dagger.
The orc is engulfed in noxious fumes.
The orc appears confused.
The white imp gestures at you. The puff of frost hits you!
The orc wizard is engulfed in noxious fumes.
The orc wizard appears confused.
An orc comes into view. It is wielding a +0 flail.
The orc wizard barely misses the white imp.
The white imp gestures at you. The puff of frost hits you!
* * * LOW HITPOINT WARNING * * *
There is a stone staircase leading up here.
Casting: Mephitic Cloud (quite dangerous; 14% risk of failure)
Confirm with . or Enter, or press ? or * to list all spells.
You blink.
An orc warrior and an orc come into view.
The orc shouts! x2
You are engulfed in noxious fumes.
You choke on the stench!
You are confused.
You hear a shout!
Something completely misses the white imp.
The orc warrior throws a stone.
The stone closely misses you.
The stone closely misses the white imp.
The orc wizard hits the white imp with a +0 dagger.
The white imp hits you.
* * * LOW HITPOINT WARNING * * *
The white imp freezes you.
You die...

...## #......!...#
....## #.o........#
.....######o.........#
...)..††............#
...#...##...........##
##.###..#.#....o.....#
#.# ##..............#
#z#####.≈≈≈≈{≈≈o....#
##...##..≈≈####≈@.o..#
...#.....≈≈# #M5....#
........g≈≈' #≈.o..##
##.......≈z' #≈...##
#.......≈ #≈zz##
#.......≈ #≈..§#
#.......≈ #≈.#.#
#.......≈ ≈≈≈≈...#
##?.....o ......#..


You could see an orc warrior, Menkaure (fast), 2 wights, an orc wizard
(confused), a white imp and 4 orcs.

Vanquished Creatures
  An ogre (D:5)
  A necrophage (D:4)
  A bullfrog (D:7)
  3 scorpions
  2 wights (D:7)
  A howler monkey (D:7)
  3 hounds
  Ijyb (D:3)
  An iguana (D:5)
  2 hound skeletons (D:4)
  8 adders
  A shadow imp (D:7)
  A white imp (D:5)
  A worm (D:5)
  A dart slug (D:3)
  9 ball pythons
  7 endoplasms
  3 giant cockroaches (D:2)
  5 goblins
  5 hobgoblins
  3 jackals (D:4)
  4 quokkas
  6 bats
  2 frilled lizards
  2 kobolds
  8 rats
82 creatures vanquished.

Notes
Turn   | Place    | Note
-------+----------+-------------------------------------------
     0 | D:1      | H0rd4k the Deep Elf Hedge Wizard began the quest for the
                  | Orb.
     0 | D:1      | Reached XP level 1. HP: 10/10 MP: 7/7
    21 | D:1      | Found a faded altar of an unknown god.
    23 | D:1      | Noticed an eye of devastation
    23 | D:1      | Noticed a floating eye
    30 | D:1      | Noticed a great orb of eyes
    57 | D:1      | Noticed a floating eye
   552 | D:1      | Reached XP level 2. HP: 15/15 MP: 6/9
   675 | D:1      | Reached skill level 5 in Spellcasting
  1661 | D:2      | Reached XP level 3. HP: 18/19 MP: 4/11
  1664 | D:2      | Learned a level 2 spell: Blink
  1668 | D:2      | Learned a level 3 spell: Conjure Flame
  1672 | D:2      | Learned a level 3 spell: Mephitic Cloud
  1848 | D:2      | Learned a level 2 spell: Poisonous Vapours
  2095 | D:2      | Reached skill level 1 in Fire Magic
  2368 | D:2      | Reached XP level 4. HP: 24/24 MP: 10/13
  2791 | D:3      | Found a hide-covered altar of Uskayaw.
  2791 | D:3      | Found a hazy altar of Hepliaklqana.
  2799 | D:3      | Found a shimmering blue altar of Sif Muna.
  2801 | D:3      | Found a shimmering altar of Xom.
  2803 | D:3      | Found an iron altar of Okawaru.
  2892 | D:3      | Reached skill level 6 in Spellcasting
  2928 | D:3      | Noticed Ijyb
  3624 | D:4      | Reached XP level 5. HP: 24/28 MP: 7/15
  3808 | D:4      | Reached skill level 1 in Poison Magic
  3839 | D:4      | Noticed a necrophage
  3931 | D:3      | Reached skill level 7 in Spellcasting
  4051 | D:3      | Killed Ijyb
  4052 | D:3      | Reached skill level 1 in Air Magic
  4210 | D:3      | Reached XP level 6. HP: 32/32 MP: 15/18
  4767 | D:5      | Entered Level 5 of the Dungeon
  4774 | D:5      | Noticed a two-headed ogre
  4852 | D:5      | Reached skill level 8 in Spellcasting
  4944 | D:5      | Reached XP level 7. HP: 37/37 MP: 14/20
  5464 | D:5      | You fall into a shaft and drop 2 floors!
  5466 | D:7      | Noticed Menkaure
  5561 | D:7      | Reached skill level 9 in Spellcasting
  5579 | D:7      | Slain by a white imp

Illustrated notes

Levels and vault maps discovered:
D:1:      minmay_arrival_arboretum_small, layout_basic,
          hellmonk_ecumenical_altar_watching_god
D:2:      layout_loops_ring
D:3:      layout_basic, chequers_temple_overflow_minitemple, grunt_ministairs_7,
          uniq_ijyb
D:4:      layout_cave_pools, nrook_campfire
D:5:      gammafunk_steamed_eel, layout_basic, minmay_puff
D:7:      layout_rooms, enter_bailey_4, uniq_menkaure

Skill      XL: |  1  2  3  4  5  6  7 |
---------------+----------------------+-----
Spellcasting   | 5 6 7 8 9 |  9.1
Dodging        | 3 |  3.4
Fire Magic     | 1 |  1.4
Conjurations   | 2 3 4 |  4.2
Poison Magic   | 1 2 |  2.1
Air Magic      | 1 2 |  2.5
Fighting       | |  0.6
Stealth        | |  2.4
Summonings     | |  1.1
Translocations | |  1.7

Action                   |  1- 3 |  4- 6 |  7- 9 || total
-------------------------+-------+-------+-------++-------
Melee: Dagger            |     7 |       |       ||     7
 Cast: Magic Dart        |   111 |   116 |    39 ||   266
       Conjure Flame     |       |     7 |     6 ||    13
       Blink             |       |     5 |     1 ||     6
       Mephitic Cloud    |       |     2 |     1 ||     3
       Poisonous Vapours |       |     8 |    10 ||    18
Evoke: Wand              |       |       |     2 ||     2
  Use: Potion            |       |       |     2 ||     2
       Scroll            |       |       |     1 ||     1
Armor: Robe              |     5 |     4 |       ||     9
       Leather armour    |       |       |     2 ||     2
Dodge: Dodged            |    21 |    23 |    14 ||    58
